 Dungeon Crawl Stone Soup version 0.19.5 (webtiles) character file.

46858 Reinor the Unseen (level 14, -13/100 HPs)
             Began as a Vampire Enchanter on Mar 16, 2017.
             Was an Elder of Dithmenos.
             Mangled by a death yak (15 damage)
             ... on level 5 of the Lair of Beasts.
             The game lasted 01:44:00 (16942 turns).

Reinor the Unseen (Vampire Enchanter)              Turns: 16942, Time: 01:44:00

Health: -13/100    AC: 15    Str: 13    XL:     14   Next: 6%
Magic:  4/28       EV: 17    Int: 27    God:    Dithmenos [****..]
Gold:   729        SH:  8    Dex: 15    Spells: 10 memorised, 6 levels left

rFire  . . .     SeeInvis +     p - +4 dagger (distort)
rCold  + + .     Gourm    .     S - +2 robe
rNeg   + + +     Faith    .     u - +3 buckler
rPois  ∞         Spirit   .     m - +0 hat {MR+}
rElec  .         Reflect  .     h - +2 cloak
rCorr  .         Harm     .     U - +2 pair of gloves {Dex+3}
MR     ++...                    F - +0 pair of boots
Stlth  ++++++++++               n - amulet of Sadd {RegenMP Str+4 Stlth+}
                                Q - +4 ring of protection
                                d - +4 ring of intelligence

@: bloodless, non-regenerating, wreathed by umbra, repel missiles
A: fangs 3, see invisible, clumsy 1, sense surroundings 1, strong 1, unbreathing
a: Bat Form, Shadow Step, Renounce Religion


You were on level 5 of the Lair of Beasts.
You worshipped Dithmenos.
Dithmenos was greatly pleased with you.
You were bloodless.

You visited 3 branches of the dungeon, and saw 20 of its levels.
You visited 1 bazaar.
You also visited: Ice Cave.

You collected 1770 gold pieces.
You spent 1041 gold pieces at shops.

Inventory:

Hand Weapons
 p - a +4 dagger of distortion (weapon)
 L - a +1 short sword of distortion
Armour
 h - a +2 cloak (worn)
 m - a +0 hat of magic resistance (worn)
 q - a +2 robe of magic resistance
 u - a +3 buckler (worn)
 E - the +0 leather armour of Etsefit {rF+++ rCorr Int-4 Dex-3}
   (You found it on level 10 of the Dungeon)

   It affects your intelligence (-4).
   It affects your dexterity (-3).
   It renders you almost immune to fire.
   It protects you from acid and corrosion.
 F - a +0 pair of boots (worn)
 S - a +2 robe (worn)
 U - a +2 pair of gloves of dexterity (worn)
Jewellery
 d - a +4 ring of intelligence (left hand)
 i - the amulet "Eghil" {Gourm Str-3 Int+8}
   (You found it on level 9 of the Dungeon)

   [amulet of the gourmand]

   It allows you to eat raw meat even when not hungry.
   It affects your strength (-3).
   It affects your intelligence (+8).
 n - the amulet of Sadd (around neck) {RegenMP Str+4 Stlth+}
   (You bought it in a shop on level 12 of the Dungeon)

   [amulet of magic regeneration]

   It increases your magic regeneration.
   It affects your strength (+4).
   It makes you more stealthy.
 O - an uncursed ring of magical power
 P - a +5 ring of strength
 Q - a +4 ring of protection (right hand)
Wands
 a - a wand of digging (19/24)
 t - a wand of acid (15/15)
 y - a wand of disintegration (10/24)
 z - a wand of paralysis (16/24)
 D - a wand of disintegration (21/24)
 H - a wand of paralysis (15/24)
Scrolls
 b - 2 scrolls of fear
 g - 3 scrolls of immolation
 k - 3 scrolls of fog
 o - 6 scrolls of amnesia
 v - 2 scrolls of magic mapping
 w - a scroll of enchant armour
 B - a scroll of remove curse
 C - 2 scrolls of blinking
 I - 12 scrolls of teleportation
 M - 3 scrolls of summoning
 N - a scroll of brand weapon
Potions
 e - 7 potions of lignification
 f - 2 potions of might
 j - 2 potions of haste
 l - 2 potions of cure mutation
 r - 4 potions of brilliance
 s - 4 potions of cancellation
 x - 8 potions of curing
 A - a potion of magic
 G - 3 potions of agility
 J - 4 potions of flight
 K - 2 potions of heal wounds
Books
 c - a book of Power

   Spells                             Type                      Level
   a - Fulminant Prism                Conjuration/Hexes            4
   b - Iskenderun's Mystic Blast      Conjuration                  4
   c - Venom Bolt                     Conjuration/Poison           5
   d - Bolt of Magma                  Conjuration/Fire/Earth       5
   e - Iron Shot                      Conjuration/Earth            6
   f - Orb of Destruction             Conjuration                  7
   g - Spellforged Servitor           Conjuration/Summoning        7


   Skills:
 - Level 6.1 Fighting
 - Level 10.0 Short Blades
 - Level 8.0 Dodging
 + Level 16.8 Stealth
 - Level 4.0 Shields
 - Level 10.0 Spellcasting
 - Level 5.0 Conjurations
 - Level 12.0 Hexes
 - Level 5.0 Charms
 - Level 3.0 Translocations
 - Level 5.0 Earth Magic
 - Level 3.1 Invocations


You had 6 spell levels left.
You knew the following spells:

 Your Spells              Type           Power        Failure   Level  Hunger
a - Corona                Hex            ######.      1%          1    None
b - Ensorcelled Hibernat  Hex/Ice        #####.       1%          2    None
c - Confuse               Hex            ######..     1%          3    None
d - Dazzling Spray        Conj/Hex       ######       1%          3    None
e - Searing Ray           Conj           #####.       1%          2    None
f - Apportation           Tloc           ####......   1%          1    None
g - Repel Missiles        Chrm/Air       ####..       1%          2    None
h - Blink                 Tloc           N/A          1%          2    None
i - Iskenderun's Battles  Conj/Chrm      #####...     17%         5    ####...
j - Iron Shot             Conj/Erth      #####.....   82%         6    #####..


Dungeon Overview and Level Annotations

Branches:
Dungeon (14/15)            Temple (1/1) D:7            Lair (5/6) D:8
  Swamp (0/4) Lair:2       Spider (0/4) Lair:4        Slime (0/5) Lair:5
    Orc (0/2) D:12
 Vaults: D:13-14

Altars:
Ashenzari
Cheibriados
Dithmenos
Elyvilon
Fedhas
Gozag
Hepliaklqana
Kikubaaqudgha
Makhleb
Nemelex Xobeh
Okawaru
Qazlal
Ru
Sif Muna
Trog
Uskayaw
Vehumet
Xom
Yredelemnul
Zin
The Shining One
Jiyva

Shops:
D:8 [   D:9 *   D:12 =


Innate Abilities, Weirdness & Mutations

You do not heal naturally.
You are immune to poison.
You have razor-sharp teeth.
You have supernaturally acute eyesight. (SInv)
You can survive without breathing.
You are clumsy. (Dex -2)
You passively map a small area around you.
Your muscles are strong. (Str +2)


Message History

Dithmenos accepts your kill.
You hit the killer bee.
The killer bee is devoured by a tear in reality.
You have 729 gold pieces.
You enter the shallow water.
Moving in this stuff is going to be slow.
The death yak gores you!
* * * LOW HITPOINT WARNING * * *
The spriggan shouts!
A killer bee comes into view.
Casting: Dazzling Spray
Confirm with . or Enter, or press ? or * to list all spells.
Aiming: Dazzling Spray
Press: ? - help, Shift-Dir - straight line, f - death yak, p - death yak
Aim: a death yak (umbra)
The spray of energy hits the death yak.
The death yak is lightly wounded.
The spriggan shouts!
The killer bee buzzes angrily.
The death yak gores you!
You die...

P....##..P..†.....P#..####....##.
......#...#......................
................†................
.......>.........................
.................................
.................................
.................................
...............y.................
.........♣♣....♣@.♣♣♣♣♣♣♣........
.........♣♣♣..♣..Y♣♣.♣.♣♣♣†......
.......♣.††♣..♣.♣..♣♣..♣♣.♣♣♣....
.....♣...†♣....♣..≈≈....†♣♣♣.♣.♣.
.♣♣..♣♣%♣†.....♣.≈≈≈♣....♣..♣..♣
* ♣.. ♣♣...♣.♣..≈≈♣...♣....♣.♣♣♣
♣.♣♣..♣..Y♣.♣≈.#######....♣♣ * ♣♣
♣♣♣.♣.l.♣≈≈##ii#i ##.♣..♣ ♣
*♣♣..♣.≈≈###i#*#.*##♣♣.♣ .


You could see 2 death yaks, a basilisk (wandering), a spriggan and a killer bee.

Vanquished Creatures
  Gastronok (Lair:2)
  Erolcha (D:13)
  Fannar (D:11)
  Harold (Lair:2)
  An ice dragon (IceCv)
  A catoblepas (D:13)
  A tengu warrior (D:13)
  Urug (D:13)
  4 hill giants
  2 ugly things
  An ice statue (IceCv)
  A cyclops (D:11)
  Joseph (D:7)
  Psyche (D:8)
  Maurice (D:9)
  2 torpor snails
  14 spiny frogs
  2 rime drakes (IceCv)
  A yaktaur (D:13)
  5 komodo dragons
  4 polar bears
  A tyrant leech (Lair:2)
  2 hornets (D:10)
  2 trolls
  4 slime creatures (D:12)
  A two-headed ogre (D:10)
  Prince Ribbit (Lair:3)
  11 blink frogs
  10 hippogriffs
  A shadow (D:11)
  2 wyverns
  3 wraiths
  36 yaks
  A human (D:13)
  3 hungry ghosts
  A mottled dragon (D:8)
  The ghost of Sanvar the Changer, an amateur OpTm (D:3)
  A soldier ant (D:10)
  4 water moccasins
  A hell hound (D:9)
  Duvessa (D:7)
  3 porcupines
  A black bear (D:11)
  16 ice beasts
  An orc warrior (D:9)
  2 necrophages (D:9)
  2 sky beasts
  2 eyes of draining
  3 phantoms
  3 wolves (Lair:4)
  8 ogres
  4 centaurs
  A crocodile (Lair:3)
  A big kobold (D:11)
  A gnoll sergeant (D:9)
  17 bullfrogs
  Dowan (D:7)
  5 scorpions
  A wyvern skeleton (D:13)
  A water moccasin skeleton (D:4)
  42 killer bees
  3 wights (D:9)
  An electric eel (D:9)
  A howler monkey (D:5)
  3 crimson imps
  A lava snake (D:9)
  2 quasits (D:10)
  3 bullfrog zombies
  5 orc priests
  2 bullfrog skeletons
  3 orc wizards
  A centaur skeleton (D:12)
  2 hounds
  9 worker ants
  5 iguanas
  A hound skeleton (D:6)
  3 worker ant zombies
  12 gnolls
  11 adders
  4 shadow imps
  2 oozes
  An adder skeleton (D:4)
  3 worms
  11 leopard geckos
  32 orcs
  5 giant cockroaches
  8 goblins
  12 hobgoblins
  11 jackals
  12 kobolds
  2 quokkas
  2 ball pythons
  7 bats
  8 frilled lizards
  A leopard gecko zombie (D:6)
  9 rats
  A plant (D:3)
448 creatures vanquished.

Vanquished Creatures (others)
  The ghost of maxonian the Summoner, a novice DsWz of Makhleb (D:8)
  An ice statue (IceCv)
  A blink frog (Lair:4)
  2 yaks
  A water moccasin (D:13)
  An orc warrior (D:8)
  2 ice beasts (IceCv)
  A wyvern zombie (D:9)
  2 killer bees (Lair:5)
  An orc priest (D:9)
  A worker ant zombie (D:11)
  2 orcs (D:9)
  A kobold (D:10)
  A bush (Lair:4)
  2 fungi
  2 plants (Lair:5)
22 creatures vanquished.

Grand Total: 470 creatures vanquished

Notes
Turn   | Place    | Note
-------+----------+-------------------------------------------
     0 | D:1      | Reinor the Vampire Enchanter began the quest for the Orb.
     0 | D:1      | Reached XP level 1. HP: 13/13 MP: 3/3
   410 | D:1      | Reached XP level 2. HP: 19/19 MP: 5/5
   414 | D:1      | Learned a level 2 spell: Ensorcelled Hibernation
  1085 | D:1      | Reached XP level 3. HP: 24/24 MP: 6/6
  1114 | D:2      | Reached skill level 5 in Stealth
  1233 | D:2      | Reached skill level 6 in Stealth
  1233 | D:2      | Reached XP level 4. HP: 30/30 MP: 4/7
  1740 | D:3      | Noticed Sanvar's ghost (amateur OpTm)
  1761 | D:3      | Reached skill level 7 in Stealth
  1856 | D:3      | Learned a level 3 spell: Confuse
  2021 | D:3      | Killed Sanvar's ghost
  2021 | D:3      | Reached skill level 9 in Stealth
  2021 | D:3      | Reached XP level 5. HP: 22/35 MP: 0/8
  2136 | D:3      | Found a shimmering altar of Xom.
  2137 | D:3      | Found a bloodstained altar of Trog.
  2372 | D:3      | Reached XP level 6. HP: 33/41 MP: 3/9
  2426 | D:3      | Learned a level 3 spell: Dazzling Spray
  2967 | D:4      | Reached skill level 5 in Hexes
  3008 | D:4      | Found a hide-covered altar of Uskayaw.
  3694 | D:5      | Entered Level 5 of the Dungeon
  3697 | D:5      | Reached XP level 7. HP: 46/46 MP: 10/12
  4603 | D:5      | Reached skill level 1 in Fighting
  4654 | D:5      | Noticed a hippogriff
  4684 | D:5      | Killed a hippogriff
  4684 | D:5      | Reached XP level 8. HP: 15/57 MP: 5/14
  5672 | D:6      | Learned a level 2 spell: Searing Ray
  5703 | D:6      | Reached skill level 5 in Dodging
  5842 | D:6      | Found an ancient bone altar of Kikubaaqudgha.
  5844 | D:6      | Found a blossoming altar of Fedhas.
  6008 | D:7      | Found a staircase to the Ecumenical Temple.
  6083 | Temple   | Entered the Ecumenical Temple
  6097 | Temple   | Became a worshipper of Dithmenos the Shadowed
  6264 | D:7      | Learned a level 1 spell: Apportation
  6420 | D:7      | Reached skill level 5 in Short Blades
  6424 | D:7      | Noticed Duvessa
  6426 | D:7      | Noticed Dowan
  6437 | D:7      | Killed Duvessa
  6437 | D:7      | Reached XP level 9. HP: 37/64 MP: 3/15
  6592 | D:7      | Killed Dowan
  6663 | D:7      | Noticed a troll
  6669 | D:7      | Killed a troll
  6701 | D:7      | Noticed Joseph
  6710 | D:7      | Killed Joseph
  6710 | D:7      | Reached skill level 10 in Stealth
  6886 | D:7      | Learned a level 2 spell: Repel Missiles
  6889 | D:7      | Learned a level 2 spell: Blink
  6937 | D:8      | Noticed Psyche
  6945 | D:8      | Killed Psyche
  6945 | D:8      | Reached skill level 11 in Stealth
  6965 | D:8      | Noticed maxonian's ghost (novice DsWz)
  6995 | D:8      | Reached skill level 12 in Stealth
  7005 | D:8      | Banished maxonian's ghost
  7043 | D:8      | Found a staircase to the Lair.
  7100 | D:8      | Reached XP level 10. HP: 57/70 MP: 13/16
  7243 | D:8      | Found Iwnot's Antique Armour Shoppe.
  7284 | D:8      | Reached * piety under Dithmenos
  7284 | D:8      | Reached skill level 1 in Charms
  7501 | D:9      | Found a deep blue altar of Sif Muna.
  7656 | D:9      | Found Igruaj's Elemental Accessories.
  7906 | D:9      | Reached XP level 11. HP: 81/81 MP: 15/23
  8059 | D:9      | Noticed Maurice
  8071 | D:9      | Killed Maurice
  8099 | D:9      | Got a translucent bronze amulet
  8251 | D:9      | Reached ** piety under Dithmenos
  8698 | D:9      | Identified the amulet "Eghil" {Gourm Str-3 Int+8} (You found it on level 9 of the Dungeon)
  8705 | D:9      | Learned a level 5 spell: Iskenderun's Battlesphere
  8737 | D:10     | Entered Level 10 of the Dungeon
  9059 | D:10     | Reached skill level 10 in Short Blades
  9079 | D:10     | Learned a level 6 spell: Iron Shot
  9595 | D:10     | Reached skill level 1 in Shields
  9599 | D:10     | Got a pitted leather armour
  9610 | D:10     | Identified the +0 leather armour of Etsefit {rF+++ rCorr Int-4 Dex-3} (You found it on level 10 of the Dungeon)
  9994 | D:11     | Noticed a green ugly thing
 10019 | D:11     | Killed a green ugly thing
 10236 | D:11     | Noticed Fannar
 10253 | D:11     | Killed Fannar
 10253 | D:11     | Reached *** piety under Dithmenos
 10300 | D:11     | Reached XP level 12. HP: 58/88 MP: 18/24
 10438 | D:11     | Found a frozen archway.
 10440 | D:11     | Noticed an ice dragon
 10513 | IceCv    | Entered an ice cave
 10697 | IceCv    | Reached skill level 1 in Invocations
 10896 | IceCv    | Noticed an ice dragon
 10896 | IceCv    | Noticed an ice dragon
 10902 | IceCv    | Killed an ice dragon
 10945 | IceCv    | Got a ring of the Octopus King
 10966 | IceCv    | Identified a ring of the Octopus King {AC+1 EV+1 Str+1 Int+1 Dex+1 Stlth+} (You found it in an ice cave)
 11073 | IceCv    | Reached skill level 13 in Stealth
 11585 | D:12     | Reached skill level 14 in Stealth
 11721 | D:12     | Found Raryl's Jewellery Boutique.
 11732 | D:12     | Bought the amulet of Sadd {RegenMP Str+4 Stlth+} for 674 gold pieces
 11749 | D:12     | Reached skill level 15 in Stealth
 11840 | D:12     | Reached **** piety under Dithmenos
 11866 | D:12     | Found a staircase to the Orcish Mines.
 12128 | D:12     | Gained mutation: You are resistant to hostile enchantments. (MR+) [potion of mutation]
 12128 | D:12     | Gained mutation: Your muscles are strong. (Str +2) [potion of mutation]
 12129 | D:12     | Gained mutation: You are clumsy. (Dex -2) [potion of mutation]
 12129 | D:12     | Lost mutation: You are resistant to hostile enchantments. (MR+) [potion of mutation]
 12129 | D:12     | Gained mutation: You passively map a small area around you. [potion of mutation]
 12231 | D:13     | Reached skill level 16 in Stealth
 12241 | D:13     | Noticed Erolcha
 12263 | D:13     | Killed Erolcha
 12263 | D:13     | Reached skill level 1 in Earth Magic
 12366 | D:13     | Noticed Urug
 12369 | D:13     | Killed Urug
 12495 | D:13     | Noticed a catoblepas
 12500 | D:13     | Killed a catoblepas
 12559 | D:13     | Found a flickering gateway to a bazaar.
 12589 | Bazaar   | Entered a bazaar
 12590 | Bazaar   | Found Gapsaofe's Armour Boutique.
 12590 | Bazaar   | Found Kuiph's Armour Shop.
 12591 | Bazaar   | Found Iwoas's Antique Armour Emporium.
 12622 | Bazaar   | Found Veish's Magic Scroll Emporium.
 12630 | Bazaar   | Bought a scroll of enchant weapon for 120 gold pieces
 12642 | Bazaar   | Bought a +1 pair of gloves of dexterity for 247 gold pieces
 12739 | D:13     | Reached XP level 13. HP: 93/93 MP: 25/25
 13177 | Lair:1   | Entered Level 1 of the Lair of Beasts
 14121 | Lair:2   | Reached skill level 5 in Conjurations
 14180 | Lair:2   | Reached ***** piety under Dithmenos
 14180 | Lair:2   | Reached skill level 5 in Earth Magic
 14199 | Lair:2   | Noticed Harold
 14206 | Lair:2   | Killed Harold
 14249 | Lair:2   | Found a staircase to the Swamp.
 14631 | Lair:2   | Noticed Gastronok
 14922 | Lair:2   | Killed Gastronok
 14956 | Lair:3   | Reached skill level 10 in Hexes
 15433 | Lair:3   | Noticed Prince Ribbit
 15439 | Lair:3   | Killed Prince Ribbit
 15609 | Lair:4   | Found a hole to the Spider Nest.
 15614 | Lair:4   | Reached skill level 10 in Spellcasting
 16146 | Lair:4   | Reached skill level 5 in Charms
 16504 | Lair:5   | Found a staircase to the Slime Pits.
 16504 | Lair:5   | Found a viscous altar of Jiyva.
 16626 | Lair:5   | Reached XP level 14. HP: 50/100 MP: 0/28
 16938 | Lair:5   | HP: 2/100 [death yak (13)]
 16942 | Lair:5   | Mangled by a death yak

Skill      XL: |  1  2  3  4  5  6  7  8  9 10 11 12 13 |
---------------+----------------------------------------+-----
Short Blades   | 2 3 5 7 10 | 10.0
Stealth        | 6 9 12 16 | 16.8
Hexes          | 6 8 12 | 12.0
Spellcasting   | 3 4 8 10 | 10.0
Fighting       | 2 3 6 |  6.1
Dodging        | 6 7 8 |  8.0
Conjurations   | 2 3 4 5 |  5.0
Translocations | 2 3 |  3.0
Charms         | 3 5 |  5.0
Shields        | 3 4 |  4.0
Invocations    | 3 |  3.1
Earth Magic    | 2 5 |  5.0

Action                   |  1- 3 |  4- 6 |  7- 9 | 10-12 | 13-15 || total
-------------------------+-------+-------+-------+-------+-------++-------
Melee: Dagger            |   103 |   354 |   211 |   401 |   237 ||  1306
       Bite              |     8 |    40 |    15 |    28 |    10 ||   101
 Cast: Corona            |     1 |       |       |       |       ||     1
       Ensorcelled Hiber |     5 |    19 |    43 |    80 |    98 ||   245
       Confuse           |       |     5 |    28 |    47 |     9 ||    89
       Dazzling Spray    |       |       |       |     4 |    21 ||    25
       Apportation       |       |       |       |     1 |       ||     1
       Repel Missiles    |       |       |       |     1 |       ||     1
Invok: Shadow Step       |       |       |       |     2 |       ||     2
Evoke: Wand              |       |       |       |     2 |       ||     2
  Use: Scroll            |     2 |    14 |     5 |    14 |     3 ||    38
       Potion            |     1 |       |     2 |     4 |     1 ||     8
 Stab: Sleeping          |    17 |    30 |    35 |    99 |   117 ||   298
       Confused          |       |     3 |    16 |    25 |     2 ||    46
       Distracted        |       |     1 |       |     2 |       ||     3
       Invisible         |       |       |       |     2 |     1 ||     3
  Eat: Corpse            |     9 |    14 |    13 |    22 |       ||    58
Armor: Robe              |    11 |    33 |    20 |    40 |    33 ||   137
       Skin              |    42 |    17 |       |       |       ||    59
Dodge: Dodged            |    38 |   115 |   125 |   197 |   175 ||   650
       Deflected         |       |       |       |     2 |     1 ||     3
Block: Buckler           |       |       |       |    26 |    96 ||   122
